 Dungeon Crawl Stone Soup version 0.28-a0-1038-g9c4cb8273d (webtiles) character file.

Game seed: 13273542528135528236

11 yoda5477 the Skirmisher (level 2, 24/24 HPs)
             Began as a Demonspawn Fighter on Dec 8, 2021.
             Quit the game on level 1 of the Dungeon.
             The game lasted 00:02:34 (352 turns).

yoda5477 the Skirmisher (Demonspawn Fighter)         Turns: 352, Time: 00:02:35

Health: 24/24      AC:  6    Str: 16    XL:     2   Next: 13%
Magic:  2/2        EV:  9    Int:  9    God:
Gold:   33         SH:  5    Dex: 14    Spells: 1/1 levels left

rFire   . . .      SeeInvis .   a - +0 long sword
rCold   . . .      Faith    .   c - +0 buckler
rNeg    . . .      Spirit   .   b - +0 scale mail
rPois   .          Reflect  .   (no helmet)
rElec   .          Harm     .   (no cloak)
rCorr   .          Rampage  .   (no gloves)
Will    .....                   (no boots)
Stlth   +.........              (no amulet)
HPRegen 0.08/turn               (no ring)
MPRegen 0.08/turn               (no ring)

@: no status effects
A: thin skeletal structure 1
a: no special abilities


You were on level 1 of the Dungeon.
You visited 1 branch of the dungeon, and saw 2 of its levels.

You collected 33 gold pieces.

Inventory:

Hand Weapons
 a - a +0 long sword (weapon)
 h - a +0 hunting sling
Missiles
 e - 20 sling bullets
 g - 12 poisoned darts (quivered)
Armour
 b - a +0 scale mail (worn)
 c - a +0 buckler (worn)
Potions
 d - a potion of might
 f - a potion of curing {unknown}


   Skills:
 - Level 3.0 Fighting
 * Level 2.2 Long Blades
 - Level 2.6 Armour
 + Level 3.0 Shields


You had one spell level left.
You didn't know any spells.
Your spell library was empty.

Dungeon Overview and Level Annotations

Branches:
Dungeon (2/15)

Altars:


Innate Abilities, Weirdness & Mutations

You have a somewhat thin skeletal structure. (Dex +2, Stealth+)


Message History

The goblin closely misses you.
You slash the endoplasm!
You kill the endoplasm!
The goblin hits you but does no damage.
Your Shields skill increases to level 3!
You have reached level 2!
Your demonic ancestry asserts itself...
Your bones become slightly less dense.
You hit the goblin but do no damage. You block the goblin's attack.
The goblin closely misses you.
You hit the goblin.
The goblin is heavily wounded.
The goblin closely misses you.
You miss the goblin.
The goblin is heavily wounded.
The goblin hits you with a +0 dagger.
You closely miss the goblin.
The goblin is heavily wounded.
The goblin barely misses you. x2
You closely miss the goblin.
The goblin is heavily wounded.
You block the goblin's attack.
You slash the goblin!
You kill the goblin!
No target in view!
Things that are here:
a +0 dagger; a goblin corpse You see here a +0 hunting sling.
h - a +0 hunting sling You start resting.
HP restored.
You now have 33 gold pieces (gained 12).
You open the door.
There is an open door here.
A hobgoblin comes into view.
The hobgoblin shouts!
You hit the hobgoblin.
You kill the hobgoblin!
No target in view!
Are you sure you want to abandon this character and quit the game? (Confirm with "yes".)

..............'...'...'...
##.#....#######...#####...
#....# #...# #... #....#
#..)### #### #....#
#####.....######
#.##.##...####...##....
#.##..#...# ##...##.###
#.###.#...# #.......# #.#
#.@†..# ######### #.#
##....# ♣♣♣ ♣ #+# #....#
♣♣8♣♣♣♣ #....# ♣P≈≈♣♣P
#..### ♣♣≈≈≈♣♣≈ #...
♣P.^.♣♣. ..#.# ♣P...♣♣P
#...# ♣♣♣♣♣♣♣.♣♣♣♣
♣♣≈≈.P♣......


There were no monsters in sight!

Vanquished Creatures
  2 ball pythons (D:1)
  An endoplasm (D:1)
  2 goblins (D:1)
  A hobgoblin (D:1)
  2 bats (D:1)
  A rat (D:1)
9 creatures vanquished.

Notes
Turn   | Place    | Note
-------+----------+-------------------------------------------
     0 | D:1      | yoda5477 the Demonspawn Fighter began the quest for the
                  | Orb.
     0 | D:1      | Reached XP level 1. HP: 18/18 MP: 1/1
   290 | D:1      | Gained mutation: You have a somewhat thin skeletal
                  | structure. (Dex +2, Stealth+) [demonic ancestry]
   290 | D:1      | Reached XP level 2. HP: 24/24 MP: 2/2
   352 | D:1      | Quit the game

Illustrated notes

Levels and vault maps discovered:
D:1:      psy_arrival_wood_between_worlds, layout_basic, serial_shops, shop
D:2:      layout_basic, minmay_strange_pillars, kennysheep_small_spiral,
          serial_bayou_pond_d, corexii_corridor_pit, interstate_on_off

Skill      XL: |  1 |
---------------+----+-----
Long Blades    | 2 |  2.2
Shields        | 3 |  3.0
Fighting       | |  3.0
Armour         | |  2.6

Action                   || total
-------------------------++-------
Melee: Long sword        ||    26
Armor: Scale mail        ||    11
Dodge: Dodged            ||    11
Block: Buckler           ||     7

Table legend: (Time is in decaauts)
 A = Elapsed time spent in this place.
 B = Non-inter-level travel time spent in this place.
 C = Inter-level travel time spent in this place.
 D = Time resting spent in this place.
 E = Time spent auto-exploring this place.
 F = Levels seen in this place.
 G = Mean time per level.
                   A        B        C        D        E       F      G
               +--------+--------+--------+--------+--------+-----+--------+
         Total |    360 |    360 |      0 |    106 |    172 |   2 |  180.0 |
       Dungeon |    360 |    360 |      0 |    106 |    172 |   2 |  180.0 |
               +--------+--------+--------+--------+--------+-----+--------+

Top non-repeatable levels by time:
     D:1: 359 daAuts
     D:2: 1 daAuts
